 Dungeon Crawl Stone Soup version 0.30.1-4-g462c640d31 (webtiles) character file.

Game seed: 6168204553133062633

242 Babbit the Covered (level 5, -7/46 HPs)
             Began as a Minotaur Fighter on Sept 18, 2023.
             Mangled by a mummy (9 damage)
             ... in an ossuary.
             The game lasted 00:08:42 (2833 turns).

Babbit the Covered (Minotaur Fighter)               Turns: 2833, Time: 00:08:43

Health: -7/46      AC:  7    Str: 23    XL:     5   Next: 81%
Magic:  13/13      EV: 10    Int:  5    God:
Gold:   226        SH:  4    Dex:  9    Spells: 4/4 levels left

rFire   . . .        v - +0 hand axe (venom)
rCold   . . .        c - +0 buckler
rNeg    . . .        b - +0 scale mail
rPois   +            i - +0 hat
rElec   .            h - scarf {shadows}
rCorr   .            (no gloves)
SInv    .            (no boots)
Will    .....        (no amulet) Stlth
                     g - ring of magical power
HPRegen 0.27/turn    f - ring of poison resistance
MPRegen 0.13/turn

%: no passive effects
@: marked, hasted, very quick
A: horns 2, retaliatory headbutt
a: no special abilities


You were in an ossuary.
You visited 1 branch of the dungeon, and saw 4 of its levels.
You also visited: Ossuary.

You collected 226 gold pieces.

Inventory:

Hand Weapons
 a - a +0 war axe
 v - a +0 hand axe of venom (weapon)
Missiles
 j - 3 boomerangs (quivered)
Armour
 b - a +0 scale mail (worn)
 c - a +0 buckler (worn)
 h - a scarf of shadows (worn)
 i - a +0 hat (worn)
Jewellery
 f - a ring of poison resistance (right hand)
 g - a ring of magical power (left hand)
 w - an amulet of faith
Wands
 r - a wand of polymorph (9)
Scrolls
 e - 2 scrolls of teleportation
 k - 2 scrolls of enchant armour {unknown}
 o - 2 scrolls of noise
 u - a scroll of poison {unknown}
Potions
 d - a potion of might
 l - 3 potions of resistance
 m - 3 potions of curing
 n - a potion of brilliance {unknown}
 q - a potion of berserk rage {unknown}
 s - a potion of flight {unknown}
 t - 2 potions of mutation {unknown}
 x - a potion of heal wounds {unknown}


   Skills:
 + Level 4.3 Fighting
 + Level 4.4 Axes
 + Level 0.2 Throwing
 + Level 5.7 Armour
 + Level 1.4 Dodging
 + Level 0.3 Stealth
 + Level 4.1 Shields


You had 4 spell levels left.
You didn't know any spells.
Your spell library contained the following spells:

 Spells                   Type           Power      Damage    Failure   Level
 Apportation              Tloc           0%         N/A       83%         1
 Necrotise                Necr           0%         1d4       83%         1
 Summon Small Mammal      Summ           0%         N/A       83%         1


Dungeon Overview and Level Annotations

Branches:
Dungeon (4/15)            Ossuary (1/1)
 Temple: D:4-7

Altars:
Cheibriados
Elyvilon
Nemelex Xobeh
Trog
The Shining One


Innate Abilities, Weirdness & Mutations

You have a pair of horns on your head.
You reflexively headbutt those who attack you in melee.


Message History

You destroy the kobold zombie!
You see here a scroll of immolation.
You see here a potion of degeneration.
You see here a scroll of immolation.
There is an open door here.
You open the door.
A kobold zombie comes into view.
You completely miss the kobold zombie. You headbutt the kobold zombie!
You destroy the kobold zombie!
Found a scroll of identify, a potion of degeneration and a scroll of noise. 2 mummies come into view.
Found a scroll labelled UTEIPRE CAUS.
The mummy pulls the alarm!
The alarm trap emits a blaring wail!
A sentinel's mark forms upon you.
You hit the mummy.
The mummy is moderately damaged.
You barely miss the mummy.
The mummy is moderately damaged.
The mummy hits you.
You slash the mummy! Your headbutt misses the mummy.
The mummy is severely damaged.
You hit the mummy. The mummy hits you!
You hit the mummy but do no damage. Your headbutt misses the mummy.
The mummy is severely damaged.
You hit the mummy but do no damage. The mummy hits you!
You are too injured to fight recklessly!
You slash the mummy!
You destroy the mummy!
You hit the mummy but do no damage. The mummy hits you.
* * * LOW HITPOINT WARNING * * *
Okay, then.
You hit the mummy. You headbutt the mummy.
The mummy is heavily damaged.
You hit the mummy but do no damage.
The mummy is heavily damaged.
The mummy hits you!
* * * LOW HITPOINT WARNING * * *
You feel yourself speed up. The mummy hits you!
You die...

##### #.!.# #!?!#
##.## ###+###
#.### ##.....##
##.'.#
##.......###..###
#.........#..@'.#
+....⌠...^'.M.###
#.........#...+
#.......###..#
##.....## ##.+
###'### #.# #.#
#.# ##.## ??!
#.∩.# ..?


You could see a mummy.

Vanquished Creatures
  4 human skeletons (D:4)
  A mummy (Ossuary)
  5 adders
  2 worms (D:2)
  A dart slug (D:3)
  2 orcs (D:3)
  13 ball pythons
  4 endoplasms
  2 giant cockroaches (D:1)
  10 goblins
  2 hobgoblins
  8 kobolds
  2 quokkas
  4 bats
  6 frilled lizards
  2 kobold zombies (Ossuary)
  3 orc skeletons (D:4)
  4 orc zombies (D:4)
  6 rats
81 creatures vanquished.

Notes
Turn   | Place    | Note
-------+----------+-------------------------------------------
     0 | D:1      | Babbit the Minotaur Fighter began the quest for the Orb.
     0 | D:1      | Reached XP level 1. HP: 19/19 MP: 0/0
    57 | D:1      | You fall into a shaft and drop 1 floor!
    81 | D:2      | Reached skill level 4 in Armour
    81 | D:2      | Reached XP level 2. HP: 23/27 MP: 1/1
   322 | D:1      | Found a faded altar of an unknown god.
   336 | D:1      | Found a faded altar of an unknown god.
   657 | D:1      | Reached XP level 3. HP: 33/33 MP: 2/2
  1288 | D:2      | Reached skill level 1 in Dodging
  1397 | D:2      | Reached XP level 4. HP: 40/40 MP: 3/3
  2267 | D:3      | Found a white marble altar of Elyvilon.
  2296 | D:3      | Found a glowing golden altar of the Shining One.
  2297 | D:3      | Found a snail-covered altar of Cheibriados.
  2299 | D:3      | Found a sparkling altar of Nemelex Xobeh.
  2302 | D:3      | Found a bloodstained altar of Trog.
  2662 | D:4      | Reached skill level 5 in Armour
  2662 | D:4      | Reached XP level 5. HP: 43/46 MP: 4/4
  2736 | D:4      | Found a sand-covered staircase.
  2749 | Ossuary  | Entered an ossuary
  2832 | Ossuary  | HP: 2/46 [mummy (11)]
  2833 | Ossuary  | Mangled by a mummy

Illustrated notes

Levels and vault maps discovered:
D:1:      erik_arrival_triangle_large, layout_loops_corners,
          hellmonk_ecumenical_altar_the_god_not_taken
D:2:      layout_loops_cross, minmay_joined_circles
D:3:      layout_loops_ring, elyvilon_altar_1, minitemple, minmay_circle_x
D:4:      layout_loops_corners, tgw_kikubaaqudgha,
          nicolae_ossuary_entry_catacombs
Ossuary:  ossuary_crypta

Skill      XL: |  1  2  3  4  5 |
---------------+----------------+-----
Armour         | 4 5 |  5.7
Shields        | 4 |  4.1
Fighting       | 4 |  4.3
Dodging        | 1 |  1.4
Axes           | 3 4 |  4.4
Throwing       | |  0.2
Stealth        | |  0.3

Action                     |  1- 3 |  4- 6 || total
---------------------------+-------+-------++-------
  Melee: War axe           |    73 |    21 ||    94
         Headbutt          |     4 |    17 ||    21
         Hand axe          |       |   103 ||   103
  Throw: Boomerang         |     7 |       ||     7
    Use: Scroll            |       |     3 ||     3
         Potion            |       |     1 ||     1
 Armour: Scale mail        |    36 |    40 ||    76
  Dodge: Dodged            |    23 |    56 ||    79
  Block: Buckler           |    12 |    18 ||    30
